 Dungeon Crawl Stone Soup version 0.19.1 (webtiles) character file.

39 syranez the Insei (level 3, 0/23 HPs)
             Began as an Octopode Transmuter on Nov 24, 2016.
             Succumbed to an adder's poison
             ... on level 2 of the Dungeon.
             The game lasted 00:03:01 (1638 turns).

syranez the Insei (Octopode Transmuter)             Turns: 1638, Time: 00:03:02

Health: 0/23       AC:  2    Str:  9 (10) XL:     3   Next: 45%
Magic:  6/6        EV: 13    Int: 14 (15) God:
Gold:   97         SH:  0    Dex: 11 (12) Spells: 3 memorised, 0 levels left

rFire  . . .     SeeInvis .       - Unarmed
rCold  . . .     Gourm    .     (no shield)
rNeg   . . .     Faith    .     k - +1 hat
rPois  .         Spirit   .     (no amulet)
rElec  .         Reflect  .     (no ring)
rCorr  .         Harm     .     (no ring)
MR     .....                    (no ring)
Stlth  ++........               (no ring)
                                (no ring)
                                (no ring)
                                (no ring)
                                (no ring)

@: lethally poisoned (0 -> -5)
A: almost no armour, stealthy swim, amphibious, 8 rings, constrict 8, camouflage
1, gelatinous body 1
a: no special abilities


You were on level 2 of the Dungeon.
You were not hungry.

You visited 1 branch of the dungeon, and saw 2 of its levels.

You collected 97 gold pieces.

Inventory:

Missiles
 a - 8 arrows
 d - 13 stones (quivered)
 e - 20 poisoned needles
Armour
 k - a +1 hat (worn)
Scrolls
 f - a scroll of enchant armour {unknown}
 h - 2 scrolls of identify {unknown}
Books
 b - a book of Changes

   Spells                             Type                      Level
   a - Beastly Appendage              Transmutation                1
   b - Sticks to Snakes               Transmutation                2
   c - Spider Form                    Transmutation/Poison         3
   d - Ice Form                       Ice/Transmutation            4
   e - Blade Hands                    Transmutation                5
Comestibles
 c - a bread ration
 g - 7 fruits


   Skills:
 + Level 1.3 Fighting
 + Level 2.2 Dodging
 + Level 1.1 Stealth
 + Level 3.5 Unarmed Combat
 + Level 2.2 Spellcasting
 + Level 2.3 Transmutations


You couldn't memorise any spells.
You knew the following spells:

 Your Spells              Type           Power        Failure   Level  Hunger
a - Beastly Appendage     Tmut           #.....       12%         1    #......
b - Sticks to Snakes      Tmut           #.......     17%         2    ###....
c - Spider Form           Tmut/Pois      #.........   47%         3    ###....


Dungeon Overview and Level Annotations

Branches:
Dungeon (2/15)

Altars:


Innate Abilities, Weirdness & Mutations

You cannot wear most types of armour.
You are very stealthy in the water. (Stealth+)
You are amphibious.
You can wear up to eight rings at the same time.
You can use your tentacles to constrict eight enemies at once.
Your skin changes colour to match your surroundings (Stealth+).
Your rubbery body absorbs attacks. (AC +1, EV +1)


Message History

* * * LOW HITPOINT WARNING * * *
You feel sick.
* * * LOW HITPOINT WARNING * * *
You feel sick.
Your transformation is almost over.
You are feeling hungry.
* * * LOW HITPOINT WARNING * * *
You feel sick.
You start eating the slice of pizza.
* * * LOW HITPOINT WARNING * * *
You feel sick.
Mmm...
Super Supreme.
* * * LOW HITPOINT WARNING * * *
You feel sick.
* * * LOW HITPOINT WARNING * * *
You feel sick.
* * * LOW HITPOINT WARNING * * *
You feel sick.
Your tentacle spike disappears.
You die...

###.#
#.#
###.#
..#.#
#.#.#
#.#.#
#.#'###
#.....#
#@....#
#.....#
#.....#
#.....#
#..$..#
#<....#
###+###


There were no monsters in sight!

Vanquished Creatures
  An adder (D:2)
  A worm (D:2)
  A dart slug (D:1)
  2 leopard geckos
  A giant cockroach (D:1)
  3 goblins
  5 hobgoblins
  4 kobolds (D:1)
  4 bats
22 creatures vanquished.

Notes
Turn   | Place    | Note
-------+----------+-------------------------------------------
     0 | D:1      | syranez the Octopode Transmuter began the quest for the Orb.
     0 | D:1      | Reached XP level 1. HP: 13/13 MP: 3/3
   394 | D:1      | Reached XP level 2. HP: 18/18 MP: 5/5
   401 | D:1      | Learned a level 2 spell: Sticks to Snakes
  1476 | D:2      | Reached XP level 3. HP: 18/23 MP: 3/6
  1506 | D:2      | Learned a level 3 spell: Spider Form
  1623 | D:2      | Reached skill level 1 in Stealth
  1633 | D:2      | HP: 1/23 [poisoned by an adder]
  1638 | D:2      | Succumbed to an adder's poison

Skill      XL: |  1  2  3 |
---------------+----------+-----
Stealth        | 1 |  1.1
Fighting       | |  1.3
Dodging        | |  2.2
Unarmed Combat | |  3.5
Spellcasting   | |  2.2
Transmutations | |  2.3

Action                   || total
-------------------------++-------
Melee: Unarmed           ||    53
       Constrict         ||    13
       Tentacles         ||     7
       Punch             ||     1
       Kick              ||     1
 Cast: Sticks to Snakes  ||     4
       Beastly Appendage ||     2
  Use: Potion            ||     1
 Stab: Sleeping          ||     3
  Eat: Chunk             ||     2
       Pizza             ||     1
Armor: Skin              ||     2
Dodge: Dodged            ||    32
